[Event "Superbet Blitz Poland 2023"]
[Site "Warsaw"]
[Date "2023.05.24"]
[Round "2"]
[White "Shevchenko, Kirill"]
[Black "Aronian, Levon"]
[Result "0-1"]
[ECO "C65"]
[WhiteElo "2684"]
[BlackElo "2745"]
[Annotator "TA"]
[PlyCount "98"]
[EventDate "2023.05.24"]
[EventType "tourn"]
[EventCountry "POL"]
[SourceTitle "playchess.com"]
[Source "ChessBase"]
[SourceQuality "1"]
[TimeControl "300+2"]

1. e4 e5 2. Nf3 Nc6 3. Bb5 Nf6 4. d3 Bc5 5. Bxc6 dxc6 6. O-O {[%emt 0:00:08] C65: Ruy Lopez: Berlin Defence (3...Nf6), unusual lines and 4 0-0 Bc5.} Bg4 7. h3 Bh5 {[%emt 0:00:02] 7...Bxf3 is not played anymore.} 8. Nbd2 {[%emt 0:00:16] The position is equal.} Nd7 {[%emt 0:00:12] [#]} 9. c3 $146 ({Predecessor:} 9. Nc4 f6 10. Rb1 a5 11. Bd2 b6 12. Be3 Be7 13. b3 Nc5 14. a4 Ne6 15. Qe2 {0-1 Firouzja,A (2728)-Carlsen,M (2863) Saint Louis Blitz 2020 (7)}) 9... O-O 10. b4 Bd6 11. Nc4 (11. g4 $5 Bg6 $8 12. Nc4 $11) 11... f6 12. a4 c5 13. Rb1 (13. d4 {with more complications.} exd4 14. cxd4 cxb4 15. Nxd6 cxd6 16. Qb3+) 13... b6 14. Be3 Kh8 15. Qe2 cxb4 16. cxb4 Qe7 17. Bd2 Rfd8 18. Ne3 (18. Rfd1 $15) 18... Nf8 $17 19. Nf5 Qd7 20. Qe3 {[%emt 0:00:31] [#]} ({White should try} 20. g4 $15 Bf7 21. d4) 20... Ne6 $1 21. Bc3 c5 22. Nd2 (22. Nxd6 $17 Qxd6 23. Rfd1) 22... cxb4 ({Inferior is} 22... Qxa4 23. Nxd6 Rxd6 24. bxc5 bxc5 25. Nc4 $17) 23. Bxb4 Bxb4 24. Rxb4 Qxd3 25. Qxd3 Rxd3 26. Nc4 Nd4 {[%emt 0:00:17] And now ...Nxf5 would win.} 27. a5 Nxf5 28. exf5 bxa5 29. Nxa5 Be8 30. Rfb1 h5 31. Rb7 Rd7 32. Rb8 Rd8 33. R8b7 a6 34. Kh2 (34. R1b6 $17) 34... Kh7 35. R1b6 Rd7 36. Rb8 (36. g4 $17) 36... Rxb8 $19 37. Rxb8 {[%emt 0:00:01][%mdl 4096] Endgame KRB-KRN} Bf7 38. Ra8 (38. Rb2 {is a better defense.}) 38... Rd2 39. Kg3 h4+ {[%emt 0:00:01][%mdl 64] Deflection} 40. Kxh4 Rxf2 {[%emt 0:00:01] Strongly threatening ...e4.} 41. g4 Bd5 {[%emt 0:00:02] Wards off Nc6} (41... e4 $19 42. Rxa6 e3) 42. Rxa6 (42. Rd8 $17 {was necessary.} Be4 43. Re8) 42... Ra2 43. Ra7 e4 $2 (43... Ra4 $19 {Threatens to win with ...e4.} 44. Kg3 Kh6) 44. Nc6 $1 $11 {[%emt 0:00:01][%mdl 64] Deflection} Rd2 45. Ne7 Bf7 46. Ra4 e3 47. Re4 e2 {[%emt 0:00:02][%cal Of7c4] aiming for ...Bc4!} 48. Kg3 $2 {[%emt 0:00:04][%mdl 8192] [#]} (48. Ng6 $11) 48... Bc4 $1 $19 {[%emt 0:00:01][%cal Od2d4][%mdl 576] ...Rd4! would be deadly. Promotion} 49. Ng6 {[%emt 0:00:02] Prevents Rd4} (49. Kf2 Rd1) 49... Rd1 {[%emt 0:00:01] Weighted Error Value: White=0.30/Black=0.12 (very precise)} 0-1

[Event "Superbet Blitz Poland 2023"]
[Site "Warsaw"]
[Date "2023.05.24"]
[Round "3"]
[White "Carlsen, Magnus"]
[Black "Deac, Bogdan-Daniel"]
[Result "1/2-1/2"]
[ECO "C42"]
[WhiteElo "2853"]
[BlackElo "2700"]
[Annotator "TA"]
[PlyCount "93"]
[EventDate "2023.05.24"]
[EventType "tourn"]
[EventCountry "POL"]
[SourceTitle "playchess.com"]
[Source "ChessBase"]
[SourceQuality "1"]
[TimeControl "300+2"]

1. e4 {[%emt 0:00:02] McShane,Luke} e5 2. Nf3 Nf6 3. Nxe5 d6 4. Nf3 Nxe4 5. d4 d5 6. Bd3 Bd6 7. O-O O-O 8. c4 c6 9. Re1 Bf5 10. Qb3 Qd7 {[%emt 0:00:08] C42: Petroff Defence: 3 Nxe5 and unusual White 3rd moves.} 11. cxd5 {[%emt 0:01:10] 11.c5 is becoming the main line.} (11. Nc3 {with more complications.} Nxc3 12. Bxf5 Qxf5 13. Qxb7 Qd7 14. Qxd7 Nxd7 15. c5) 11... cxd5 12. Nc3 Nxc3 13. Bxf5 Qxf5 14. bxc3 b6 15. Qb5 Qd7 $1 (15... Nd7 $2 16. Qc6 $18) 16. a4 (16. Qxd5 $2 {is the wrong capture.} Bxh2+ 17. Nxh2 Qxd5 $19) 16... Qxb5 17. axb5 a5 18. Nh4 {[%emt 0:00:02] [#] aiming for Nf5.} g6 {[%emt 0:00:03] [#] Against Nf5} 19. Bh6 $146 ({Predecessor:} 19. g4 Nd7 20. Ng2 Rfc8 21. Bf4 Bxf4 22. Nxf4 Rxc3 23. Nxd5 Rd3 24. Re7 Nf8 25. Nf6+ {½-½ Carlsen,M (2855)-Nepomniachtchi,I (2782) World-ch Carlsen-Nepomniachtchi 2021 (4)}) 19... Rc8 20. g4 Nd7 {[%emt 0:00:14] Strongly threatening ...Nf6.} (20... Rxc3 $2 {is a self mate.} 21. Re8+) 21. Ng2 Rxc3 22. Ne3 Bf8 (22... Rd3 $17 23. Red1 Rxd1+ 24. Rxd1 Nf6) 23. Nxd5 $15 Bxh6 24. Nxc3 {[%emt 0:00:01] [#] Black must now prevent Nd5. The position is equal.} Bd2 $1 25. Na4 {[%emt 0:01:47] Re2 is the strong threat.} Bxe1 26. Rxe1 $11 {[%emt 0:00:01][%mdl 4096] Endgame KRN-KRN} Rc8 {[%emt 0:00:07] And now ...Rc4 would win.} 27. Re7 Rc4 28. Rxd7 Rxa4 {[%emt 0:00:01] KR-KR} 29. Rd6 Rb4 30. Rxb6 Rxd4 31. h3 Rb4 32. Rb8+ Kg7 33. b6 a4 34. Ra8 Rxb6 35. Rxa4 Rb5 36. Kg2 h5 37. Kg3 hxg4 38. hxg4 g5 39. f4 Rb3+ 40. Kf2 gxf4 41. Rxf4 f6 42. Rf3 Rxf3+ 43. Kxf3 Kg6 44. Kf4 Kg7 45. g5 Kg6 46. gxf6 Kxf6 47. Ke4 {[%emt 0:00:02] Weighted Error Value: White=0.04 (flawless) /Black=0.07 (flawless)} 1/2-1/2

[Event "Superbet Blitz Poland 2023"]
[Site "Warsaw"]
[Date "2023.05.24"]
[Round "3"]
[White "Giri, Anish"]
[Black "Vachier-Lagrave, Maxime"]
[Result "0-1"]
[ECO "A20"]
[WhiteElo "2768"]
[BlackElo "2742"]
[Annotator "TA"]
[PlyCount "66"]
[EventDate "2023.05.24"]
[EventType "tourn"]
[EventCountry "POL"]
[SourceTitle "playchess.com"]
[Source "ChessBase"]
[SourceQuality "1"]
[TimeControl "300+2"]

1. c4 e5 2. g3 c6 3. Nf3 e4 4. Nd4 d5 5. cxd5 Qxd5 6. Nc2 {[%emt 0:00:01][%cal Bd4c2,Bc2e1,Be1f3,Bf3h4][%mdl 32] A20: English Opening: 1...e5.} Nf6 7. Nc3 Qe5 8. Bg2 {[%emt 0:00:02] The position is equal.} Na6 9. O-O Be7 10. Ne1 $5 {[%emt 0:00:02][%mdl 4] [#] Exploring less charted territory.} h5 $1 $146 {[%emt 0:00:02][%mdl 8] A top novelty.} ({Predecessor:} 10... O-O 11. d4 exd3 12. Nxd3 Qh5 13. e4 Rd8 14. Qxh5 Nxh5 15. Rd1 Be6 16. Be3 Nf6 {½-½ Yakubboev,N (2656)-Najer,E (2676) Poikovsky Karpov 21st 2022 (5)}) 11. d4 Qf5 12. f3 exf3 13. Nxf3 (13. Rxf3 Qa5 $11) 13... h4 14. Nxh4 $16 Qh5 15. e4 Ng4 (15... Qxd1 $16 16. Rxd1 (16. Nxd1 Nb4 $14) 16... Bg4) 16. h3 $18 {[%emt 0:00:08] Nf5 is the strong threat.} Bxh4 17. gxh4 (17. hxg4 $2 Bxg4 18. Rf4 Bxd1 $19) 17... Qxh4 (17... Nf6 $142 18. Bg5 Qxd1 19. Raxd1 Nh7) 18. Qf3 (18. hxg4 Bxg4 19. Rf3 Nb4 $16) 18... Nh6 (18... Nf6) 19. Bxh6 Qxh6 20. Qxf7+ Kd8 21. Rf3 {[%emt 0:00:12] Hoping for d5.} Bd7 22. d5 Kc7 23. dxc6 bxc6 {[%emt 0:00:01][%cal Oa8f8] [#]} 24. Nd5+ $2 cxd5 $16 25. Rc3+ (25. Qxd5 $16 {Black must now prevent Rc3+.} Rad8 26. Qc4+ (26. Rc3+ Bc6 $11) 26... Qc6 27. Qd4) 25... Kd8 $11 {[%emt 0:00:07][%cal Bc7d8,Bd8e7,Be7f7][%mdl 32] Strongly threatening ...Rc8.} 26. Qxd5 Rc8 {[%emt 0:00:35] Threatens to win with ...Rxc3.} 27. Rd1 Nb8 {[%emt 0:00:04] And now ...Rxc3 would win.} 28. Rb3 $36 {[%emt 0:00:10][%mdl 2048] White has the initiative.} ({Much weaker is} 28. Rxc8+ Kxc8 29. Qc5+ Qc6 30. Qxa7 Rh6 $15) 28... Ke7 29. Qe5+ Kf7 {[%emt 0:00:01] ...Rhe8 would be deadly.} 30. Rxb8 $2 {[%emt 0:00:07][%mdl 8192] [#]} Qe3+ $1 {[%emt 0:00:07] Black mates.} 31. Kf1 {[#]} Rhf8 $1 32. Rxc8 Bxc8 33. Qd6 {[%emt 0:00:03] [#]} Ba6+ $1 {[%emt 0:00:06][%mdl 512] What a bad dream for White. Magnificent play by Vachier-Lagrave!   Weighted Error Value: White=0.63/Black=0.40} 0-1

[Event "Superbet Blitz Poland 2023"]
[Site "Warsaw"]
[Date "2023.05.24"]
[Round "3"]
[White "Aronian, Levon"]
[Black "Duda, Jan-Krzysztof"]
[Result "1-0"]
[ECO "C27"]
[WhiteElo "2745"]
[BlackElo "2724"]
[Annotator "TA"]
[PlyCount "93"]
[EventDate "2023.05.24"]
[EventType "tourn"]
[EventCountry "POL"]
[SourceTitle "playchess.com"]
[Source "ChessBase"]
[SourceQuality "1"]
[TimeControl "300+2"]

1. e4 e5 2. Bc4 Nf6 3. Nc3 Nxe4 4. Qh5 Nd6 5. Bb3 Be7 $1 6. f4 {[%emt 0:00:01][%mdl 64] Deflection. C27: Vienna Game: 2...Nf6 3 Bc4 Nxe4.} exf4 7. d4 O-O {[%emt 0:00:03] [#]} (7... Nc6 {simplifies} 8. Nf3 g6 9. Qh6 Na5) 8. Nf3 $146 {[%emt 0:00:13] Black has an edge.} ({Predecessor:} 8. Bxf4 Nc6 9. Nge2 Bf6 10. O-O-O g6 11. Qf3 Nf5 12. Nb5 d6 13. g4 a6 14. gxf5 axb5 15. fxg6 hxg6 {0-1 Golizadeh,A (2455)-Debray,C (2365) Titled Tuesday intern op 25th Jan blitz 2022 (3)}) 8... Nc6 9. Bxf4 g6 10. Qh3 Nf5 11. O-O-O d6 12. g4 Ng7 13. Bh6 Na5 14. Nd5 $1 Nxb3+ 15. axb3 c6 {[%emt 0:00:54] Black is weak on the dark squares} (15... Qd7 $5 ) 16. Nxe7+ Qxe7 17. Rde1 {[%emt 0:00:39] Inhibits f5.} Qd7 18. Qh4 {[%emt 0:00:01][%mdl 1024] White wants to mate with Qf6. White has compensation.} (18. Bxg7 Kxg7 19. Rhg1 Re8 20. Rxe8 (20. Ng5 h6 $17) 20... Qxe8 $17) (18. Rhg1 $5 ) 18... f6 19. h3 a5 (19... Qd8 $11) 20. Rhf1 {[%emt 0:01:33] White has more active pieces.} (20. Re2 $16 {aiming for Rhe1.} b5 21. Rhe1) 20... a4 21. Nd2 axb3 (21... g5 $1 $11 22. Bxg5 axb3 23. Rxf6 Rxf6 24. Bxf6 Ra1+ 25. Nb1 bxc2 26. Kxc2 Ne6) 22. Rxf6 $16 (22. Nxb3 Qf7 $15) 22... Ra1+ (22... Re8 $16) 23. Nb1 $18 {[%emt 0:00:01] Intending Rxf8+ and mate.} Re8 24. cxb3 $2 (24. Rxe8+ $2 Qxe8 25. Qf2 bxc2 26. Kxc2 Qe4+ 27. Kc3 Qe7 $19) (24. Rff1 $1 $18 {Hoping for Rxe8+.} b6 25. Qf6 (25. cxb3 Ra8 $14) (25. Rxe8+ Qxe8 26. cxb3 Ra7 $11) 25... Rxe1+ {[%mdl 64] Remove Defender} 26. Rxe1) 24... Qd8 $132 {[%emt 0:00:17][%mdl 2048] Black is not holding back} 25. Rxe8+ Qxe8 26. Rxd6 $2 (26. Rf1 $1 $11 {and White stays safe.} Ne6 27. Qf6) 26... Bd7 $2 (26... Qe4 $19 27. Rd8+ Kf7 28. Rf8+ {[%mdl 64] Decoy} (28. Qf2+ $2 Bf5 $19) 28... Kxf8 29. Qd8+ Kf7 30. Qc7+ Qe7 31. Qxe7+ Kxe7 32. Bxg7 h5) 27. Kc2 $11 {[%emt 0:00:19] Threatens to win with Qf6.} ({Don't go for} 27. Bxg7 $2 Qe4 28. Qd8+ Be8 $19) 27... Qf7 {[%emt 0:00:12] [#]} (27... Nf5 $2 28. gxf5 Qe2+ 29. Kc3 (29. Nd2 {gets mated.} Bxf5+) 29... Rxb1 30. Rxd7 $18) (27... Qe4+ $11 {and Black is okay.} 28. Kc3 Qf3+ 29. Kc2 Qe4+ 30. Kc3 Qf3+ 31. Kc2 Qe4+) 28. Rf6 $2 (28. Qd8+ $1 $18 Be8 29. Rf6) 28... Qe7 $1 {[%emt 0:00:01] Strongly threatening ...Qe4+.} 29. Nd2 {[%emt 0:00:02][%cal Bb1d2,Bd2e4,Be4d6][%mdl 32] Dodges Qe4+. And now Bxg7 would win.} Re1 (29... Qe2 $2 30. Rd6 Nf5 31. Qd8+ (31. gxf5 {is a self mate.} Bxf5+) 31... Qe8 32. Rxd7 $18) (29... Be8 $11) 30. Qf2 (30. Bg5 {keeps more tension.} Qe2 31. Qg3 Be8 32. Rf2) 30... Re6 (30... Be6 $14) 31. Rxe6 Nxe6 32. Ne4 {[%emt 0:00:01] Nf6+ would be deadly.} Qf7 (32... Kh8 $16 33. Kc1 Be8) 33. Qxf7+ ({White should play} 33. Qf6 $18) 33... Kxf7 $18 {[%emt 0:00:01][%mdl 4096] Endgame KBN-KBN} 34. Nd6+ Ke7 35. Nxb7 Nxd4+ 36. Kc3 Ne2+ 37. Kd3 Ng1 38. Be3 Nxh3 39. g5 Bf5+ {[%emt 0:00:04] [#]} (39... Bc8 $11 {remains equal.} 40. Nc5 Bg4) 40. Kc4 ({White should try} 40. Kd4 $1 $16) 40... Be6+ (40... Bc8 $1 $11 41. Nc5 Kd6) 41. Kc3 ({White must play} 41. Kc5 $16) 41... Bd5 $11 42. Nc5 Kd6 43. Kd4 Ke7 $2 (43... Bh1 $11) 44. Ke5 $18 {[%emt 0:00:02] White is clearly better.} Bf3 45. b4 Bg2 46. Nb3 Bh1 47. Nd4 {[%emt 0:00:01] Weighted Error Value: White=0.43/Black=0.45} 1-0

[Event "Superbet Blitz Poland 2023"]
[Site "Warsaw"]
[Date "2023.05.24"]
[Round "3"]
[White "Rapport, Richard"]
[Black "So, Wesley"]
[Result "1/2-1/2"]
[ECO "D00"]
[WhiteElo "2745"]
[BlackElo "2760"]
[Annotator "TA"]
[PlyCount "85"]
[EventDate "2023.05.24"]
[EventType "tourn"]
[EventCountry "POL"]
[SourceTitle "playchess.com"]
[Source "ChessBase"]
[SourceQuality "1"]
[TimeControl "300+2"]

1. d4 Nf6 2. Bg5 d5 3. e3 c5 4. Bxf6 gxf6 5. Bb5+ Nc6 6. Ne2 {[%emt 0:00:02] [#] D00: 1 d4 d5: Unusual lines.} a6 $146 ({Predecessor:} 6... e5 7. Nbc3 Be6 8. O-O a6 9. Bxc6+ bxc6 10. f4 Bd6 11. dxe5 fxe5 12. f5 Bd7 {0-1 Moradiabadi,E (2586)-Bacrot,E (2720) Wch Blitz 8th 2014 (1)}) 7. Bxc6+ bxc6 8. c4 {[%emt 0:00:12] The position is equal.} (8. dxc5 $5 Rb8 9. Nd2 $11) 8... cxd4 9. Nxd4 Bb7 (9... Rg8 $11) 10. O-O e6 11. cxd5 cxd5 12. Qh5 Qe7 13. Nc3 Bg7 14. f4 f5 15. Rad1 Rc8 16. Rf3 Bf6 17. Rg3 Rc4 18. Nce2 a5 (18... h6 $15) 19. b3 ({Better is} 19. Qh6 $1 $11) 19... Rc5 $15 20. Nf3 Rc2 (20... h6 $15) 21. Ned4 $14 Rxa2 22. Ne5 {[%emt 0:00:12] Threatens to win with Rc1.} Rf8 23. h3 Bh4 $1 $36 {[%emt 0:00:10][%mdl 2048] Black has some pressure.} 24. Rg7 {[%emt 0:01:14] The board is on fire.} Bf2+ 25. Kh1 {[%emt 0:00:01] Strongly threatening Nb5.} Bxe3 26. Nb5 Bc5 $2 (26... Bxf4 $2 27. Nd6+ Kd8 28. Nexf7+ (28. Nxb7+ Kc8 $16) 28... Kc7 29. Qxh7 $18) (26... d4 $1 $11 {and Black is okay.} 27. Nxf7 {[%mdl 64] Decoy} Rxf7 28. Nd6+ Kd7 29. Qxf7 (29. Nxf7 Kc7 $11) 29... Qxf7 30. Rxf7+ (30. Nxf7 Bd5 $17) 30... Kxd6 31. Rxb7 Kc5) 27. Rc1 $18 {[%emt 0:00:10][%cal Og7f7] Hoping for Rxf7!} d4 {[%emt 0:00:09][%cal Od4d3] [#]} 28. Nd3 $2 ({White must play} 28. Nxf7 $1 $18 {White wants to mate with Nfd6+.} Rxf7 29. Rxc5) 28... Bd6 {[%emt 0:00:12] ...Bb8 would be deadly.} (28... Bb6 $5 29. Ne5 $8 Bc5 $18) 29. Qxh7 $2 (29. Ne5 $11 Bb8 30. Nxf7 Rxf7 31. Rg8+ Qf8 32. Rxf8+ Kxf8 33. Qh6+ (33. Nxd4 Rxg2 $11) 33... Rg7 34. Qf6+ (34. Qxe6 Bxg2+ 35. Kg1 Be4+ 36. Kf1 Bd3+) (34. Nxd4 Raxg2 35. Qf6+ Kg8 $19) 34... Kg8 35. Qxe6+ (35. Qxd4 $2 Raxg2 36. Qd8+ Kf7 $19) (35. Qd8+ Kf7 $11) 35... Kh8 36. Rc8+ (36. Qxf5 $2 Bxg2+ 37. Kg1 Bxh3+ $19) 36... Bxc8 37. Qxc8+ Rg8 38. Qxf5 Raxg2 39. Qf6+ (39. Nxd4 $2 Rg1+ 40. Kh2 R8g2#) 39... R8g7 40. Qd8+ (40. Qxd4 Bxf4 41. Qd8+ Rg8 $11) 40... Rg8 41. Qxd4+ (41. Qxa5 $2 Rg1+ 42. Kh2 Bxf4#) 41... R8g7 42. h4) 29... Be4 $4 {[%emt 0:00:09][%mdl 8192] This pair of bishops is nice.} (29... Bb8 $19 30. Ne5 d3 31. Nxf7 Rxf7 32. Qh8+ Qf8) 30. Ne5 $2 ({Only move:} 30. Nxd6+ $18 Qxd6 31. Rc8+ Kd7 32. Rxf8 (32. Rxf7+ $2 Kxc8 33. Rxf8+ Qxf8 $19) 32... Bxg2+ 33. Kg1 Qxf8 34. Rxf7+ Qxf7 35. Qxf7+ Kd6 36. Ne5) 30... Bxe5 $1 $11 31. fxe5 Rxg2 $1 {[%emt 0:00:13][%mdl 64] [#] Decoy} 32. Rxg2 (32. Rc8+ Kd7 33. Rc7+ (33. Rxg2 $2 Rxc8 34. Kh2 Bxg2 $19) 33... Kd8 34. Rxg2 Qg5 $17) 32... Bxg2+ 33. Kxg2 $2 (33. Kh2 $11 Qg5 34. Rc8+ Ke7 35. Rxf8 Kxf8 36. Qh8+ (36. Nxd4 $2 {is the wrong capture.} Bd5 $19) (36. Nd6 Qf4+ 37. Kxg2 Qd2+ 38. Kh1 Qc1+ 39. Kh2 Qd2+ 40. Kh1 Qc1+ 41. Kh2 Qd2+ 42. Kh1 $11) 36... Ke7 37. Qf6+ (37. Qb8 Qf4+ 38. Kxg2 Qe4+ 39. Kh2 Qe2+ 40. Kh1 Qe4+ 41. Kh2 Qe2+ 42. Kh1 Qe4+ 43. Kh2 $11) 37... Qxf6 38. exf6+ Kxf6 39. Kxg2) 33... Qg5+ 34. Kf3 Qxc1 {[%emt 0:00:00] KQR-KQN} 35. Nd6+ Kd7 36. Qg7 Qe3+ (36... Qf1+ $142 37. Kg3 Qg1+ {[%mdl 64] Skewer} 38. Kf3 Qxg7 39. Nc4 Rg8 40. Ke2 Qg2+ 41. Kd1 d3 42. Nd2 Rc8 43. Nc4 Qe2+ 44. Kc1 Qc2#) 37. Kg2 $19 Qe2+ 38. Kg1 Qe3+ 39. Kg2 $1 Rb8 40. Qxf7+ Kc6 {[%emt 0:00:01] ( -> ...Qe2+)} 41. Qxe6 Qg5+ $2 (41... Qe2+ $19 42. Kg1 Qd1+ 43. Kf2 Qxb3 44. Qxb3 Rxb3 45. Nxf5 Kd5) 42. Kf1 $2 (42. Kf3 $11 Qe3+ 43. Kg2 Qxb3 44. Qxb3 Rxb3 45. Nxf5) 42... Qc1+ 43. Kg2 {[%emt 0:00:01][%mdl 32768] An exciting game.   Weighted Error Value: White=0.66/Black=0.75. An unexpected result.} 1/2-1/2

[Event "Superbet Blitz Poland 2023"]
[Site "Warsaw"]
[Date "2023.05.24"]
[Round "3"]
[White "Wojtaszek, Radoslaw"]
[Black "Shevchenko, Kirill"]
[Result "0-1"]
[ECO "A05"]
[WhiteElo "2670"]
[BlackElo "2684"]
[Annotator "TA"]
[PlyCount "66"]
[EventDate "2023.05.24"]
[EventType "tourn"]
[EventCountry "POL"]
[SourceTitle "playchess.com"]
[Source "ChessBase"]
[SourceQuality "1"]
[TimeControl "300+2"]

1. Nf3 Nf6 2. g3 g6 3. b3 d5 4. Bb2 c5 5. c4 d4 6. b4 Bg7 7. Bg2 O-O 8. O-O Re8 {[%emt 0:00:06] A05: Réti Opening: 1 Nf3 Nf6.} 9. d3 e5 10. bxc5 Nc6 {[%emt 0:00:26] Black has an edge.} 11. Nbd2 {[%emt 0:00:06] [#]} e4 $5 $146 {[%emt 0:00:19][%mdl 8] An interesting novelty.} ({Predecessor:} 11... Nd7 12. Ne4 Bf8 13. Ba3 Qa5 14. Qc1 Kg7 15. Nd6 Re7 16. Rb1 a6 17. Ng5 Nxc5 {1-0 Artemiev,V (2704)-Robson,R (2673) Katara Bullet Final blitz 2021 (2.6)}) 12. dxe4 Nxe4 13. Nxe4 Rxe4 14. Nd2 (14. Ng5 $5 Re5 15. h4 $11) 14... Re8 15. Ne4 Bg4 16. Re1 Qd7 (16... Be5 $142) 17. Qd2 (17. Nd6 $16) 17... Re5 $11 18. e3 d3 19. Nd6 $2 (19. Reb1 $18) 19... Rxc5 $16 20. Bxg7 ({White should play} 20. Ne4 $1 $14 Rxc4 21. Bxg7 Kxg7 22. Qb2+ Kh6 23. Nf6 (23. Qf6 Qe7 $17)) 20... Qxd6 $11 21. Bb2 (21. Bd4 Nxd4 22. exd4 Qxd4 $17) 21... Rxc4 {[%emt 0:00:15] ...Rc2 is the strong threat.} 22. Rac1 {[%emt 0:00:01] Dodges Rc2. White is weak on the light squares} Qb4 23. Bc3 Qd6 (23... Qc5 $5 ) 24. Ba1 {[%emt 0:00:06] This pair of bishops is nice.} (24. h3 $5 Bf5 25. g4 $14) 24... Rxc1 25. Rxc1 Rd8 (25... f6 26. f3 Bd7 27. Rc3 $14) (25... Be2 {simplifies} 26. Bf1 Bxf1 27. Rxf1 f6) 26. Qc3 {[%emt 0:00:38] [#]} (26. Bxc6 $11 bxc6 27. Rc4) 26... f6 $1 {[%emt 0:00:02][%mdl 512] Active counter play!} 27. f3 $1 Bf5 $36 {[%emt 0:00:11][%mdl 2048] Black has some pressure.} ({Of course not} 27... d2 28. Rd1 Bf5 29. g4 $14) (27... Bc8 $5 ) 28. Rd1 (28. Qxf6 $2 {loses.} Qxf6 29. Bxf6 d2 $19) (28. e4 $11 d2 29. Rd1) 28... Ne5 $15 29. e4 (29. g4 $15 Rc8 30. Qd4 Qxd4 31. exd4) 29... Rc8 (29... Be6 $19 {Strongly threatening ...Qb6+.} 30. Qd2 Qa3 31. Bxe5 fxe5) 30. Qb2 (30. Qd4 $17 Qxd4+ 31. Bxd4) 30... Rc2 31. Qxb7 {[%emt 0:00:06] [#]} (31. Qd4 $19 Qxd4+ 32. Bxd4) 31... Bh3 $2 32. Qb3+ $2 (32. Qa8+ $15 Bc8 33. Qxa7) 32... Kg7 $19 {[%emt 0:00:05] ( -> ...Qc5+)} 33. Bxe5 Qc5+ {[%emt 0:00:03] Beautiful play by Shevchenko!   Weighted Error Value: White=0.89/Black=0.46} 0-1

[Event "Superbet Blitz Poland 2023"]
[Site "Warsaw"]
[Date "2023.05.24"]
[Round "4"]
[White "So, Wesley"]
[Black "Giri, Anish"]
[Result "0-1"]
[ECO "B51"]
[WhiteElo "2760"]
[BlackElo "2768"]
[Annotator "TA"]
[PlyCount "64"]
[EventDate "2023.05.24"]
[EventType "tourn"]
[EventCountry "POL"]
[SourceTitle "playchess.com"]
[Source "ChessBase"]
[SourceQuality "1"]
[TimeControl "300+2"]

1. e4 c5 2. Nf3 d6 3. Bb5+ Nd7 4. d4 cxd4 5. Qxd4 a6 6. Be2 {[%emt 0:00:02] B51: Sicilian: Moscow Variation (3 Bb5+) without 3...Bd7.} Ngf6 7. O-O e5 8. Qe3 {[%emt 0:00:01] The position is equal.} Nc5 9. Nc3 Be7 10. a4 O-O {[%emt 0:00:03] [#]} 11. Nd2 $146 (11. b4 $5 Ne6 12. g3 $11) ({Predecessor:} 11. b4 Ne6 12. g3 h6 13. a5 Bd7 14. Bb2 Rc8 15. Rac1 {½-½ Plenca,J (2469)-Brkic,A (2573) Zagreb Hulak Memorial op 2nd 2017 (6)}) 11... Ng4 12. Bxg4 Bxg4 13. h3 Be6 14. b3 Rc8 15. Bb2 f5 16. Rfd1 f4 17. Qe2 Qe8 18. Nd5 Bxd5 19. exd5 Qg6 20. b4 $2 {[%emt 0:00:18] [#] Now White is beyond hope.} (20. Qg4 $1 $11 {and White stays safe.}) 20... Nxa4 $1 $19 21. Rxa4 {[%emt 0:00:14] Qd3 would be deadly.} Rxc2 {[%emt 0:00:01] And now ...f3 would win.} 22. Bc1 {[%emt 0:00:29] [#]} f3 $1 $40 {[%emt 0:00:15][%csl Gf3][%cal Rg6g2][%mdl 640] Black has strong attack.} 23. Qf1 {[%emt 0:00:00] [#]} Bh4 $1 ({Worse is} 23... fxg2 24. Qxg2 Qh6 25. Qg4 $15) 24. g3 $2 (24. Kh1 fxg2+ 25. Qxg2 Qxg2+ 26. Kxg2 Bxf2 27. Nf1) 24... Bxg3 $1 25. fxg3 (25. Kh1 $142 Bf4 26. Ra3) 25... e4 (25... Qxg3+ $142 26. Kh1 Rf6) 26. Ra3 ({Don't go for} 26. g4 $2 e3 27. Ra3 e2 28. Rxf3 exf1=Q+) (26. Nxe4 $142 Qxe4 27. Bd2) 26... Qxg3+ 27. Kh1 Rfc8 $2 (27... Rf6 {( -> ...Rh6)} 28. Qg1 Qxh3+ 29. Qh2 Qc8) 28. Qg1 $2 {[%emt 0:00:01] [#]} (28. Nxf3 exf3 29. Bd2) 28... Rxc1 $1 {[%emt 0:00:21][%mdl 576] Back Rank. Black is clearly winning.} 29. Ra1 Qxh3+ 30. Qh2 Qxh2+ 31. Kxh2 Rxa1 32. Rxa1 Rc2 {[%emt 0:00:01] Ingenious play by Giri!   Weighted Error Value: White=0.94/Black=0.41} 0-1

[Event "Superbet Blitz Poland 2023"]
[Site "Warsaw"]
[Date "2023.05.24"]
[Round "4"]
[White "Vachier-Lagrave, Maxime"]
[Black "Aronian, Levon"]
[Result "1/2-1/2"]
[ECO "C67"]
[WhiteElo "2742"]
[BlackElo "2745"]
[Annotator "TA"]
[PlyCount "76"]
[EventDate "2023.05.24"]
[EventType "tourn"]
[EventCountry "POL"]
[SourceTitle "playchess.com"]
[Source "ChessBase"]
[SourceQuality "1"]
[TimeControl "300+2"]

1. e4 e5 2. Nf3 Nc6 3. Bb5 Nf6 4. O-O Nxe4 5. Re1 Nd6 6. Nxe5 Be7 7. Bf1 Nxe5 8. Rxe5 O-O 9. d4 Bf6 {[%emt 0:00:06] C67: Ruy Lopez: Berlin Defence: 4 0-0 Nxe4.} 10. Re2 b6 11. Re1 Bb7 {[%emt 0:00:09] White has an edge.} 12. Bf4 Nf5 13. c3 $1 Re8 {[%emt 0:00:03] [#]} 14. Rxe8+ $146 ({Predecessor:} 14. Nd2 Rxe1 15. Qxe1 g5 16. Bg3 Nxg3 17. hxg3 c5 18. Ne4 cxd4 19. Rd1 Bxe4 20. Qxe4 {½-½ Kryvoruchko,Y (2686)-Aronian,L (2782) FIDE Grand Swiss 2021 (11)}) 14... Qxe8 15. Nd2 d6 16. Qc2 g6 17. Bd3 Ng7 ({But not} 17... Qc6 18. Be4 d5 19. Bxf5 gxf5 20. Qxf5 $16) 18. Ne4 Be7 19. Re1 {[%emt 0:00:04][%cal Oe4f6] Strongly threatening Nf6+!} Qd7 20. h3 Re8 21. Bd2 Bd8 (21... Bh4 {with more complications.} 22. Re2 c5 23. dxc5 bxc5 24. a4 Ne6) 22. Ng3 Rxe1+ 23. Bxe1 c5 24. dxc5 dxc5 25. Bd2 Ne6 26. Be3 Bg5 27. Qd2 (27. Bxg5 $11 Nxg5 28. Qe2) 27... h6 ({Black should play} 27... Bxe3 $17 28. Qxe3 Bxg2 29. Kxg2 Qxd3) 28. Be4 Qxd2 29. Bxd2 Bxd2 (29... Ba6 $5 30. Bxg5 hxg5 $11) 30. Bxb7 $15 {[%emt 0:00:02][%mdl 4096] Endgame KBN-KBN. The position is equal.} Bc1 31. b3 Kf8 32. Ne2 Bd2 33. g3 b5 34. Kg2 Ke7 35. Kf3 Ng5+ 36. Kg2 Ne6 37. Kf3 Ng5+ 38. Kg2 Ne6 {[%emt 0:00:01] Weighted Error Value: White=0.13 (very precise) /Black=0.12 (very precise)} 1/2-1/2